 Dungeon Crawl Stone Soup version 0.30-a0-777-ga9a30cbeda (webtiles) character file.

Game seed: 16532866248323602736

323 jimonade the Ogre Mage (level 6, -4/54 HPs)
             Began as an Ogre Ice Elementalist on Feb 13, 2023.
             Was an Initiate of Okawaru.
             Slain by a phantom (5 damage)
             ... on level 4 of the Dungeon.
             The game lasted 00:09:41 (4182 turns).

jimonade the Ogre Mage (Ogre Ice Elementalist)      Turns: 4182, Time: 00:09:42

Health: -4/54      AC:  3    Str: 15    XL:     6   Next: 47%
Magic:  10/14      EV: 10    Int: 16    God:    Okawaru [......]
Gold:   238        SH:  0    Dex:  9    Spells: 9/16 levels left

rFire   . . .      SeeInvis .    a - +0 flail
rCold   . . .      Faith    .    (no shield)
rNeg    . . .      Spirit   .    i - +0 robe
rPois   .          Reflect  .    (helmet restricted)
rElec   .          Harm     .    q - scarf {shadows}
rCorr   .          Rampage  .    (gloves unavailable)
Will    .....                    (boots unavailable)
Stlth   +                        (no amulet)
HPRegen 0.29/turn                (no ring)
MPRegen 0.14/turn                (no ring)

@: no status effects
A: large, unfitting armour, tough skin 1
a: Renounce Religion


You were on level 4 of the Dungeon.
You worshipped Okawaru.
Okawaru was noncommittal.
You visited 1 branch of the dungeon, and saw 4 of its levels.

You collected 238 gold pieces.

Inventory:

Hand Weapons
 a - a +0 flail (weapon)
 j - a +0 whip
 p - a +2 dagger of electrocution
 t - a +0 short sword
 u - a +0 arbalest
 v - a +1 dagger of venom
 w - a +4 short sword
Missiles
 c - 43 stones
 k - 5 silver javelins
 x - 6 silver boomerangs
 y - 5 poisoned darts
 A - a throwing net
Armour
 i - a +0 robe (worn)
 q - a scarf of shadows (worn)
Wands
 s - a wand of polymorph (1)
Scrolls
 f - a scroll of vulnerability {unknown}
 g - a scroll of immolation {unknown}
 l - a scroll of magic mapping {unknown}
 m - 4 scrolls of identify {unknown}
 z - a scroll of amnesia {unknown}
Potions
 b - a potion of magic
 d - a potion of might {unknown}
 e - 2 potions of cancellation {unknown}
 h - a potion of resistance {unknown}
 n - a potion of heal wounds {unknown}
 o - a potion of lignification {unknown}
 r - 2 potions of curing


   Skills:
 + Level 0.8 Fighting
 + Level 0.4 Maces & Flails
 + Level 2.1 Dodging
 - Level 1.4 Stealth
 * Level 5.8 Spellcasting
 + Level 5.0 Ice Magic


You had 9 spell levels left.
You knew the following spells:

 Your Spells              Type           Power      Damage    Failure   Level
a - Freeze                Ice            80%        1d9       1%          1
b - Frozen Ramparts       Ice            40%        1d7       5%          3
c - Ozocubu's Armour      Ice            20%        N/A       5%          3

Your spell library contained the following spells:

 Spells                   Type           Power      Damage    Failure   Level
 Magic Dart               Conj           16%        1d3       14%         1
 Static Discharge         Conj/Air       8%         2-3/arc   22%         2
 Vhi's Electric Charge    Tloc/Air       8%         N/A       38%         3
 Iskenderun's Mystic Bla  Conj/Tloc      4%         2d3       80%         4
 Arcjolt                  Conj/Air       2%         1d12      98%         5
 Lightning Bolt           Conj/Air       2%         1d13      98%         5
 Disjunction              Tloc           2%         N/A       100%        8
 Summon Ice Beast         Ice/Summ       Unusable   N/A       N/A         4

Dungeon Overview and Level Annotations

Branches:
Dungeon (4/15)
 Temple: D:4-7

Altars:
Cheibriados
Dithmenos
Elyvilon
Hepliaklqana
Okawaru
Trog


Innate Abilities, Weirdness & Mutations

You are too large for most types of armour.
You have tough skin. (AC +1)


Message History

The phantom is heavily damaged.
The phantom hits you.
You closely miss the phantom.
The phantom is heavily damaged.
The phantom closely misses you.
You completely miss the phantom.
The phantom is heavily damaged.
The phantom hits you. x2
* * * LOW HITPOINT WARNING * * *
You closely miss the phantom.
The phantom is heavily damaged.
The phantom closely misses you.
You hit the phantom but do no damage.
The phantom is heavily damaged.
The phantom hits you.
* * * LOW HITPOINT WARNING * * *
The phantom blinks!
You blink.
The phantom barely misses you. The phantom hits you.
* * * LOW HITPOINT WARNING * * *
You closely miss the phantom.
The phantom is moderately damaged.
The phantom hits you.
* * * LOW HITPOINT WARNING * * *
You hit the phantom.
The phantom is heavily damaged.
The phantom hits you.
* * * LOW HITPOINT WARNING * * *
You barely miss the phantom.
The phantom is heavily damaged.
The phantom misses you. The phantom hits you.
* * * LOW HITPOINT WARNING * * *
You closely miss the phantom.
The phantom is heavily damaged.
The phantom closely misses you.
You miss the phantom.
The phantom is heavily damaged.
The phantom hits you.
* * * LOW HITPOINT WARNING * * *
The phantom blinks!
You blink.
The phantom hits you.
You die...

########
##################.......
................##.......
#...............)........
<.#........#.##.......
#.######.#.#########
#.#### #.#.# # .
#####....# #.#.# #
#.#......@.# #.#.## #
......###.W..#
#....###### #
#.#.#..##....#
#....#....# # #
#...#....###....#....###
#.#..###...#....#.......
#.........§.........###.
#..#..##.§.##...#######.
#..#....#.......<.....).
#..#..#.###.##.÷....###†


You could see a phantom.

Vanquished Creatures
  A hound (D:4)
  A gnoll bouda (D:4)
  Jessica (D:2)
  Ijyb (D:3)
  11 gnolls
  3 adders
  2 worms
  2 dart slugs
  An orc (D:4)
  3 bats
  5 endoplasms
  3 giant cockroaches
  3 goblins
  8 hobgoblins
  6 jackals
  A quokka (D:1)
  3 ball pythons
  2 frilled lizards
  6 kobolds
  14 rats
77 creatures vanquished.

Notes
Turn   | Place    | Note
-------+----------+-------------------------------------------
     0 | D:1      | jimonade the Ogre Ice Elementalist began the quest for the
                  | Orb.
     0 | D:1      | Reached XP level 1. HP: 16/16 MP: 3/3
   258 | D:1      | Found a faded altar of an unknown god.
   306 | D:1      | Reached XP level 2. HP: 21/24 MP: 1/5
   932 | D:1      | Reached XP level 3. HP: 31/32 MP: 4/7
  1460 | D:1      | Got the Anthology of Unstable Battle Magic
  1564 | D:2      | Found a bloodstained altar of Trog.
  1585 | D:2      | Reached XP level 4. HP: 27/40 MP: 1/9
  1754 | D:2      | Noticed Jessica
  2666 | D:2      | Reached XP level 5. HP: 32/46 MP: 8/11
  2871 | D:2      | Killed Jessica
  2957 | D:3      | Noticed Ijyb
  3074 | D:3      | Killed Ijyb
  3189 | D:2      | Learned a level 3 spell: Frozen Ramparts
  3193 | D:2      | Learned a level 3 spell: Ozocubu's Armour
  3295 | D:3      | Reached skill level 5 in Spellcasting
  3328 | D:3      | Found a snail-covered altar of Cheibriados.
  3457 | D:3      | Found a shadowy altar of Dithmenos.
  3527 | D:3      | Found a faded altar of an unknown god.
  3528 | D:3      | Found a hazy altar of Hepliaklqana.
  3561 | D:3      | Found a faded altar of an unknown god.
  3621 | D:3      | Found an iron altar of Okawaru.
  3621 | D:3      | Found a white marble altar of Elyvilon.
  3767 | D:3      | Became a worshipper of Warmaster Okawaru
  3875 | D:4      | Reached XP level 6. HP: 54/54 MP: 7/14
  4085 | D:4      | Reached skill level 5 in Ice Magic
  4182 | D:4      | HP: 1/54 [phantom (5)]
  4182 | D:4      | Slain by a phantom

Illustrated notes

Levels and vault maps discovered:
D:1:      minmay_arrival_four_circles, layout_loops_cross,
          dreamdust_ecumenical_altar_statues, serial_co_window_serial,
          co_window_of_opportunity_a, co_window_of_opportunity_a,
          co_window_of_opportunity_a, co_window_paths_a, co_window_cross_1,
          co_window_broadway_a, co_window_broadway_a, co_window_broadway_c,
          co_window_unsneaky_path_a, co_window_unsneaky_path_d,
          co_window_corner_b, co_window_4corner_b, glass_columns_a,
          glass_columns_c, glass_columns_b, glass_columns_b, glass_columns_b,
          minmay_rat_gold_closets
D:2:      wander_river, layout_basic, basic_altar,
          hangedman_decor_clover_reticule, uniq_jessica
D:3:      layout_rooms, amcnicky_altar_gilded,
          nicolae_hepliaklqana_ecumenical_no_more,
          mainiacjoe_overflow_surrounded_room, nicolae_overflow_two_pavilions,
          uniq_ijyb
D:4:      layout_basic, old_standard_altar, grunt_decor_one_mirror, uniq_robin

Skill      XL: |  1  2  3  4  5  6 |
---------------+-------------------+-----
Dodging        | 2 |  2.1
Ice Magic      | 4 5 |  5.0
Spellcasting   | 3 4 5 |  5.8
Fighting       | |  0.8
Maces & Flails | |  0.4
Stealth        | |  1.4

Action                     |  1- 3 |  4- 6 || total
---------------------------+-------+-------++-------
  Melee: Unarmed           |    18 |       ||    18
         Flail             |       |    55 ||    55
         Punch             |       |     1 ||     1
   Cast: Freeze            |    46 |    76 ||   122
         Ozocubu's Armour  |       |     6 ||     6
         Frozen Ramparts   |       |     4 ||     4
 Armour: Robe              |    13 |    27 ||    40
  Dodge: Dodged            |    21 |    46 ||    67

Table legend: (Time is in decaauts)
 A = Elapsed time spent in this place.
 B = Non-inter-level travel time spent in this place.
 C = Inter-level travel time spent in this place.
 D = Time resting spent in this place.
 E = Time spent auto-exploring this place.
 F = Levels seen in this place.
 G = Mean time per level.
                   A        B        C        D        E       F      G
               +--------+--------+--------+--------+--------+-----+--------+
         Total |   4208 |   4056 |    152 |    327 |   2861 |   4 | 1052.0 |
       Dungeon |   4208 |   4056 |    152 |    327 |   2861 |   4 | 1052.0 |
               +--------+--------+--------+--------+--------+-----+--------+

Top non-repeatable levels by time:
     D:1: 1661 daAuts
     D:2: 1474 daAuts
     D:3: 699 daAuts
     D:4: 372 daAuts
